 Dungeon Crawl Stone Soup version 0.27-a0-760-gc38aae387d (webtiles) character file.

Game seed: 13700117182968873257

67 robertstho the Magician (level 4, -4/32 HPs)
             Began as a Djinni Fire Elementalist on Mar 24, 2021.
             Slain by a sky beast (5 damage)
             ... on level 3 of the Dungeon.
             The game lasted 00:02:55 (2206 turns).

robertstho the Magician (Djinni Fire Elementalist)  Turns: 2206, Time: 00:02:56

Health: -4/32      AC:  2    Str:  7    XL:     4   Next: 16%
Gold:   84         EV: 12    Int: 18    God:
                   SH:  0    Dex: 13

rFire    + + .     SeeInvis .   e - +0 dagger
rCold    x . .     Faith    .   (no shield)
rNeg     . . .     Spirit   .   a - +0 robe
rPois    ∞         Reflect  .   (no helmet)
rElec    .         Harm     .   (no cloak)
rCorr    .         Rampage  .   (no gloves)
Will     .....                  (boots unavailable)
Stlth    ++........             (no amulet)
HPRegen  0.10/turn              (no ring)
MPRegen  0.00/turn              (no ring)

@: flying
A: fire resistance 2, cold vulnerability 1, float, innate caster, hp casting,
extra vitality 1
a: no special abilities


You were on level 3 of the Dungeon.
You visited 1 branch of the dungeon, and saw 3 of its levels.

You collected 84 gold pieces.

Inventory:

Hand Weapons
 b - a +0 whip
 e - a +0 dagger (weapon)
Missiles
 c - 12 sling bullets
 f - 68 stones
Armour
 a - a +0 robe (worn)
Wands
 i - a wand of random effects (21)
Scrolls
 d - 2 scrolls of holy word
 j - a scroll of immolation {unknown}
Potions
 g - a potion of curing
 h - a potion of haste {unknown}


   Skills:
 * Level 1.1 Fighting
 + Level 2.3 Dodging
 + Level 1.7 Stealth
 * Level 3.9 Spellcasting


You couldn't memorise any spells.
You knew the following spells:

 Your Spells              Type           Power      Damage    Failure   Level
a - Foxfire               Conj/Fire      68%        2x1d7     3%          1
b - Conjure Flame         Conj/Fire      17%        6-21      9%          3
c - Inner Flame           Hex/Fire       17%        N/A       9%          3
d - Sticky Flame          Conj/Fire      17%        2d4       28%         4
e - Fireball              Conj/Fire      8%         3d6       63%         5
f - Sandblast             Erth           34%        2d9       3%          1
Your spell library was empty.

Dungeon Overview and Level Annotations

Branches:
Dungeon (3/15)

Altars:
Nemelex Xobeh
Okawaru
The Shining One


Innate Abilities, Weirdness & Mutations

You are immune to poison.
Your flesh is very heat resistant. (rF++)
You are vulnerable to cold. (rC-)
You float through the air rather than walking.
You learn spells naturally, not from books.
Your magical power is your life essence.
You have superior vitality. (+4 HP)


Message History

You conjure some foxfire!
Your foxfire dissipates!
Your foxfire dissipates!
Found a helmet.
A sky beast comes into view.
Found an escape hatch in the floor.
A sky beast is nearby!
A sky beast is nearby!
A sky beast is nearby!
Casting: Foxfire (safe; 3% risk of failure)
Confirm with . or Enter, or press ? or * to list all spells.
You conjure some foxfire!
Casting: Foxfire (safe; 3% risk of failure)
Confirm with . or Enter, or press ? or * to list all spells.
You conjure some foxfire!
The foxfire hits the sky beast but does no damage.
Casting: Foxfire (safe; 3% risk of failure)
Confirm with . or Enter, or press ? or * to list all spells.
You don't know that spell.
Your foxfire dissipates!
The foxfire hits the sky beast.
The sky beast is lightly wounded.
Casting: Foxfire (safe; 3% risk of failure)
Confirm with . or Enter, or press ? or * to list all spells.
You conjure some foxfire!
The sky beast hits you. The sky beast shocks you.
The foxfire hits the sky beast.
The sky beast is lightly wounded.
The sky beast hits you. The sky beast shocks you.
Casting: Foxfire (safe; 3% risk of failure)
Confirm with . or Enter, or press ? or * to list all spells.
You conjure some foxfire!
The sky beast hits you.
* * * LOW HITPOINT WARNING * * *
The sky beast shocks you.
* * * LOW HITPOINT WARNING * * *
The foxfire hits the sky beast but does no damage.
The sky beast is lightly wounded.
The sky beast hits you.
* * * LOW HITPOINT WARNING * * *
The sky beast shocks you.
You die...

.. ...###..... . #.#
##........ .. #..
.........# #. #####..
#......# #.
>..[...#######......###.
#....#...#........ #.##
#.##.#.#.#.#####..
#....#Y#........#<#....
#...@####.#.#.#.#.##.
##.### #.#.###...#.. #..
#.#.....###.. #.
#.#.........# #.
#.#.......### #
..#...#...# #.####.####
# #....#.###### #
#.#.#.....


You could see a sky beast.

Vanquished Creatures
  2 adders
  A worm (D:2)
  2 dart slugs
  3 orcs (D:2)
  A ball python (D:1)
  4 endoplasms (D:1)
  A giant cockroach (D:1)
  4 hobgoblins
  5 jackals (D:1)
  4 kobolds
  A quokka (D:2)
  2 bats (D:2)
  3 frilled lizards
  A goblin (D:1)
  2 rats
36 creatures vanquished.

Vanquished Creatures (others)
  134 foxfires
134 creatures vanquished.

Grand Total: 170 creatures vanquished

Notes
Turn   | Place    | Note
-------+----------+-------------------------------------------
     0 | D:1      | robertstho the Djinni Fire Elementalist began the quest for
                  | the Orb.
     0 | D:1      | Reached XP level 1. HP: 15/15 MP: 0/0
    89 | D:1      | Reached skill level 3 in Spellcasting
    89 | D:1      | Reached XP level 2. HP: 16/22 MP: 0/0
   829 | D:1      | Reached XP level 3. HP: 23/26 MP: 0/0
   829 | D:1      | Learned a level 1 spell: Sandblast
  1021 | D:2      | Found a sparkling altar of Nemelex Xobeh.
  1107 | D:2      | Reached skill level 1 in Fighting
  1305 | D:2      | Found an iron altar of Okawaru.
  2035 | D:3      | Reached XP level 4. HP: 28/32 MP: 0/0
  2121 | D:3      | Found a glowing golden altar of the Shining One.
  2195 | D:3      | Noticed a sky beast
  2206 | D:3      | HP: 1/32 [sky beast (2)]
  2206 | D:3      | Slain by a sky beast

Illustrated notes

Levels and vault maps discovered:
D:1:      dpeg_arrival_rooms_a, layout_rooms, chequers_serial_rivers_marsh,
          chequers_serial_rivers_small_b
D:2:      layout_basic, general_overflow_altar, nicolae_overflow_hidden_temple,
          okawaru_altar_gauntlet_db
D:3:      layout_basic, nicolae_tso_swordbearing_angel,
          chequers_ecumenical_altar_simple_redux

Skill      XL: |  1  2  3 |
---------------+----------+-----
Spellcasting   | 3 |  3.9
Fighting       | 1 |  1.1
Dodging        | |  2.3
Stealth        | |  1.7

Action                   |  1- 3 |  4- 6 || total
-------------------------+-------+-------++-------
 Cast: Foxfire           |    71 |     7 ||    78
  Use: Scroll            |     2 |       ||     2
Armor: Robe              |     3 |       ||     3
Dodge: Dodged            |     9 |     1 ||    10

Table legend: (Time is in decaauts)
 A = Elapsed time spent in this place.
 B = Non-inter-level travel time spent in this place.
 C = Inter-level travel time spent in this place.
 D = Time resting spent in this place.
 E = Time spent auto-exploring this place.
 F = Levels seen in this place.
 G = Mean time per level.
                   A        B        C        D        E       F      G
               +--------+--------+--------+--------+--------+-----+--------+
         Total |   2204 |   2140 |     64 |    227 |   1675 |   3 |  734.7 |
       Dungeon |   2204 |   2140 |     64 |    227 |   1675 |   3 |  734.7 |
               +--------+--------+--------+--------+--------+-----+--------+

Top non-repeatable levels by time:
     D:2: 997 daAuts
     D:1: 959 daAuts
     D:3: 247 daAuts
